 Dungeon Crawl Stone Soup version 0.24-a0-459-g225fefd530 (webtiles) character file.

Game seed: 5787101419195378390

49 gruber the Chopper (level 3, -4/31 HPs)
             Began as a Minotaur Monk on June 28, 2019.
             Killed by nerve-wracking pain
             ... invoked by an orc priest
              (14 damage)
             ... on level 2 of the Dungeon.
             The game lasted 00:00:43 (643 turns).

gruber the Chopper (Minotaur Monk)                   Turns: 643, Time: 00:00:44

Health: -4/31      AC:  2    Str: 15    XL:     3   Next: 53%
Magic:  2/2        EV: 14    Int:  7    God:
Gold:   36         SH:  0    Dex: 17    Spells: 2/2 levels left

rFire    . . .     SeeInvis .   a - +0 hand axe
rCold    . . .     Gourm    .   (no shield)
rNeg     . . .     Faith    .   b - +0 robe
rPois    .         Spirit   .   (helmet restricted)
rElec    .         Reflect  .   (no cloak)
rCorr    .         Harm     .   (no gloves)
MR       .....                  (no boots)
Stlth    ++........             (no amulet)
HPRegen  0.10/turn              g - +4 ring of dexterity
MPRegen  0.08/turn              (no ring)

@: lethally poisoned (-4 -> -7)
A: retaliatory headbutt, horns 2
a: no special abilities


You were on level 2 of the Dungeon.
You were not hungry.

You visited 1 branch of the dungeon, and saw 2 of its levels.

You collected 36 gold pieces.

Inventory:

Hand Weapons
 a - a +0 hand axe (weapon)
Armour
 b - a +0 robe (worn)
Jewellery
 g - a +4 ring of dexterity (left hand)
Scrolls
 d - a scroll of fog {unknown}
 e - 2 scrolls of random uselessness {unknown}
 f - a scroll of blinking {unknown}
 i - a scroll of identify {unknown}
 j - a scroll of noise {unknown}
 k - a scroll of immolation {unknown}
 l - a scroll of enchant armour {unknown}
Potions
 h - a potion of flight {unknown}
Comestibles
 c - a ration


   Skills:
 - Level 3.6 Fighting
 + Level 5.6 Axes
 - Level 3.2 Dodging
 - Level 1.5 Stealth


You had 2 spell levels left.
You didn't know any spells.
Your spell library was empty.

Dungeon Overview and Level Annotations

Branches:
Dungeon (2/15)

Altars:


Innate Abilities, Weirdness & Mutations

You reflexively headbutt those who attack you in melee.
You have a pair of horns on your head.


Message History

You kill the adder!
The orc priest mumbles some strange prayers to Beogh against you.
You barely resist.
An orc comes into view. It is wielding a +0 flail.
A rat comes into view.
An orc comes into view. It is wielding a +0 flail.
Unknown command.
An orc comes into view.
You feel sick.
The orc priest calls down the wrath of Beogh upon you.
Beogh smites you! The rat closely misses you.
The orc shouts! x2
You are too injured to fight recklessly!
You barely miss the orc priest. You headbutt the orc priest.
The orc priest is moderately wounded.
You completely miss the rat.
You hear a shout!
The orc priest invokes the aid of Beogh against you.
Pain shoots through your body!
You die...

.......... ##.####.#
#...... .........
#...... .......#.##
####......
.......#..###
#......##. .......
#...# #......##.
....... #...#
#......###
..(...r##...###..†...#
......o@.............#
.......####.###......#
..o.... #.# #......#
....... #.. #......#
..o.o.# ##.###.###.#
8...8. .# #.# .#
...... .. #.# .#
...... #+ #.# ...


You could see an orc priest, 3 orcs and a rat.

Vanquished Creatures
  2 adders (D:2)
  An ooze (D:1)
  2 dart slugs
  A leopard gecko (D:1)
  2 giant cockroaches
  4 goblins (D:1)
  A hobgoblin (D:1)
  2 jackals (D:1)
  2 bats (D:1)
  3 frilled lizards
  2 kobolds (D:2)
  A rat (D:2)
23 creatures vanquished.

Notes
Turn   | Place    | Note
-------+----------+-------------------------------------------
     0 | D:1      | gruber the Minotaur Monk began the quest for the Orb.
     0 | D:1      | Reached XP level 1. HP: 19/19 MP: 0/0
    30 | D:1      | Reached skill level 4 in Axes
    32 | D:1      | Reached XP level 2. HP: 17/26 MP: 1/1
   368 | D:1      | Reached skill level 5 in Axes
   606 | D:2      | Reached XP level 3. HP: 31/31 MP: 2/2
   643 | D:2      | Killed from afar by an orc priest

Levels and vault maps discovered:
D:1:      dpeg_arrival_tiny_h, layout_rooms, dk_noncrumbling_3
D:2:      cheibrodos_pilgrimage, layout_basic, minivault_27,
          fedhas_ov_isle_minmay, uniq_natasha

Skill      XL: |  1  2 |
---------------+-------+-----
Axes           | 4 5 |  5.6
Fighting       | |  3.6
Dodging        | |  3.2
Stealth        | |  1.5

Action                   || total
-------------------------++-------
Melee: Hand axe          ||    50
       Headbutt          ||     6
 Stab: Sleeping          ||     2
Armor: Robe              ||     5
Dodge: Dodged            ||    39

Table legend:
 A = Non-vault XP
 B = Vault XP
 C = Vault XP percentage of total XP
 D = Non-vault monster count
 E = Vault monster count
 F = Vault count percentage of total count
                 A         B        C        D         E       F
            +---------+---------+-------+---------+---------+-------
      Total |      71 |       0 |   0.0 |      23 |       0 |   0.0
            +---------+---------+-------+---------+---------+-------
        D:1 |      35 |       0 |   0.0 |      15 |       0 |   0.0
        D:2 |      36 |       0 |   0.0 |       8 |       0 |   0.0
            +---------+---------+-------+---------+---------+-------
